 Dungeon Crawl Stone Soup version 0.28-a0-622-gbaef9634d7 (webtiles) character file.

Game seed: 498562190875783279

11 sleeves the Skirmisher (level 2, 20/24 HPs)
             Began as a Demonspawn Fighter on Oct 7, 2021.
             Quit the game on level 1 of the Dungeon.
             The game lasted 00:00:11 (288 turns).

sleeves the Skirmisher (Demonspawn Fighter)          Turns: 288, Time: 00:00:12

Health: 20/24      AC:  6    Str: 16    XL:     2   Next: 13%
Magic:  2/2        EV:  9    Int:  9    God:
Gold:   19         SH:  4    Dex: 12    Spells: 1/1 levels left

rFire   . . .      SeeInvis .   a - +0 long sword
rCold   . . .      Faith    .   c - +0 buckler
rNeg    . . .      Spirit   .   b - +0 scale mail
rPois   .          Reflect  .   (no helmet)
rElec   .          Harm     .   (no cloak)
rCorr   .          Rampage  .   (no gloves)
Will    .....                   (no boots)
Stlth   ..........              (no amulet)
HPRegen 0.08/turn               (no ring)
MPRegen 0.08/turn               (no ring)

@: no status effects
A: foul stench 1
a: no special abilities


You were on level 1 of the Dungeon.
You visited 1 branch of the dungeon, and saw 1 of its levels.

You collected 19 gold pieces.

Inventory:

Hand Weapons
 a - a +0 long sword (weapon)
Armour
 b - a +0 scale mail (worn)
 c - a +0 buckler (worn)
Scrolls
 e - a scroll of teleportation {unknown}
Potions
 d - a potion of might


   Skills:
 - Level 3.0 Fighting
 + Level 2.6 Long Blades
 - Level 2.6 Armour
 - Level 2.6 Shields


You had one spell level left.
You didn't know any spells.
Your spell library was empty.

Dungeon Overview and Level Annotations

Branches:
Dungeon (1/15)

Altars:


Innate Abilities, Weirdness & Mutations

You may rarely emit foul miasma when damaged in melee.


Message History

Welcome, sleeves the Demonspawn Fighter.
It is said that the Orb of Zot exists deep within this dungeon.
Press ? for a list of commands and other information.
Found a staircase leading out of the dungeon.
Unknown command.
You open the door.
There is an open door here.
Found a stone staircase leading down.
There is a stone staircase leading down here.
Found a dagger.
You now have 19 gold pieces.
Found a stone staircase leading down.
A bat comes into view.
The bat hits you but does no damage.
You miss the bat. The bat hits you but does no damage.
You block the bat's attack.
You hit the bat but do no damage. The bat barely misses you.
You block the bat's attack.
A bat is nearby!
The bat hits you but does no damage. The bat hits you but does no damage.
The bat barely misses you. The bat hits you but does no damage.
You hit the bat.
The bat is severely wounded.
The bat closely misses you. The bat hits you but does no damage.
You block the bat's attack.
You miss the bat.
The bat is severely wounded.
The bat closely misses you. The bat completely misses you.
You block the bat's attack.
You hit the bat.
You kill the bat!
No target in view!
No target in view!
No target in view!
No target in view!
No target in view!
A quokka comes into view.
A quokka is nearby!
A quokka is nearby!
You see here a scroll labelled ANEMU UMIUHY.
A giant cockroach comes into view.
The quokka bites you. x2
Your scale mail prevents you from hitting the quokka.
You block the quokka's attack.
You closely miss the quokka.
The quokka bites you but does no damage.
You block the quokka's attack.
You closely miss the quokka.
The quokka bites you but does no damage.
The quokka bites you.
You closely miss the quokka.
The quokka bites you but does no damage.
You slash the quokka!
You kill the quokka!
Your Long Blades skill increases to level 2!
You closely miss the giant cockroach. The giant cockroach barely misses you.
The giant cockroach bites you but does no damage.
You slash the giant cockroach!
You kill the giant cockroach!
HP restored.
e - a scroll labelled ANEMU UMIUHY
Found a dagger.
A goblin comes into view. It is wielding a +0 club.
The goblin shouts!
An endoplasm comes into view.
The goblin hits you but does no damage.
You slash the goblin!
You kill the goblin!
No target in view!
No target in view!
No target in view!
No target in view!
You see here a +0 club.
An endoplasm is nearby!
An endoplasm is nearby!
The endoplasm quivers.
You hit the endoplasm.
You kill the endoplasm!
No target in view!
No target in view!
No target in view!
No target in view!
No target in view!
No target in view!
A kobold comes into view. It is wielding a +0 club.
The kobold shouts!
A kobold is nearby!
A kobold is nearby!
The kobold throws a stone.
You block the stone.
A ball python comes into view.
The kobold throws a stone.
The stone closely misses you.
The ball python hisses angrily.
You hit the kobold but do no damage.
A dart slug comes into view.
The kobold hits you with a +0 club.
You barely miss the kobold. The kobold hits you but does no damage.
You slash the kobold!
You kill the kobold!
The ball python bites you. The ball python closely misses you.
The ball python bites you but does no damage.
The ball python grabs you. The ball python constricts you.
You closely miss the ball python.
The ball python bites you but does no damage.
The ball python constricts you. The ball python barely misses you.
The ball python constricts you.
You slash the ball python!
You kill the ball python!
You have reached level 2!
Your demonic ancestry asserts itself...
You begin to emit a foul stench of rot and decay.
You hit the dart slug.
The dart slug is heavily wounded.
The dart slug launches a dart at you. The slug dart misses you.
You hit the dart slug but do no damage.
The dart slug is heavily wounded.
The dart slug bites you but does no damage.
You slash the dart slug!
You kill the dart slug!
No target in view!
No target in view!
No target in view!
No target in view!
No target in view!
No target in view!
No target in view!
No target in view!
Are you sure you want to abandon this character and quit the game? (Confirm with "yes".)

#.###########
#.#^.)......#
#.#.#######.#
#...........#
###.#######.#
#.# #### #.#
...
#.#####.####
#.....@)...#
#######†##...#
.# # .. .## ..
##


There were no monsters in sight!

Vanquished Creatures
  A dart slug (D:1)
  A ball python (D:1)
  An endoplasm (D:1)
  A giant cockroach (D:1)
  A goblin (D:1)
  A quokka (D:1)
  A bat (D:1)
  A kobold (D:1)
8 creatures vanquished.

Notes
Turn   | Place    | Note
-------+----------+-------------------------------------------
     0 | D:1      | sleeves the Demonspawn Fighter began the quest for the Orb.
     0 | D:1      | Reached XP level 1. HP: 18/18 MP: 1/1
   143 | D:1      | Reached skill level 2 in Long Blades
   285 | D:1      | Gained mutation: You may rarely emit foul miasma when
                  | damaged in melee. [demonic ancestry]
   285 | D:1      | Reached XP level 2. HP: 20/24 MP: 2/2
   288 | D:1      | Quit the game

Illustrated notes

Levels and vault maps discovered:
D:1:      saegor_arrival_simple_b, layout_basic,
          hellmonk_ecumenical_altar_inner_sanctum, serial_bayou_pond_a,
          minmay_misc_feat_more_columns

Skill      XL: |  1 |
---------------+----+-----
Long Blades    | 2 |  2.6
Fighting       | |  3.0
Armour         | |  2.6
Shields        | |  2.6

Action                   || total
-------------------------++-------
Melee: Long sword        ||    22
Armor: Scale mail        ||    15
Dodge: Dodged            ||    10
Block: Buckler           ||     7

Table legend: (Time is in decaauts)
 A = Elapsed time spent in this place.
 B = Non-inter-level travel time spent in this place.
 C = Inter-level travel time spent in this place.
 D = Time resting spent in this place.
 E = Time spent auto-exploring this place.
 F = Levels seen in this place.
 G = Mean time per level.
                   A        B        C        D        E       F      G
               +--------+--------+--------+--------+--------+-----+--------+
         Total |    295 |    295 |      0 |      0 |    242 |   1 |  295.0 |
       Dungeon |    295 |    295 |      0 |      0 |    242 |   1 |  295.0 |
               +--------+--------+--------+--------+--------+-----+--------+

Top non-repeatable levels by time:
     D:1: 295 daAuts
